 Dungeon Crawl Stone Soup version 0.29.1-1-gd02db6906a (webtiles) character file.

Game seed: 2169956787813002042

399 CertainDeath the Digger (level 6, -1/32 HPs)
             Began as a Gargoyle Earth Elementalist on Oct 7, 2022.
             Slain by Pikel
             ... wielding a +2 whip of flaming
              (11 damage)
             ... on level 4 of the Dungeon.
             The game lasted 00:10:33 (4649 turns).

CertainDeath the Digger (GrEE)                      Turns: 4649, Time: 00:10:33

Health: -1/32      AC:  6    Str: 13    XL:     6   Next: 84%
Magic:  21/21      EV: 11    Int: 16    God:
Gold:   251        SH:  0    Dex: 10    Spells: 12/13 levels left

rFire   + . .      SeeInvis .   b - +4 quarterstaff (chaos)
rCold   . . .      Faith    .   (shield currently unavailable)
rNeg    + . .      Spirit   .   A - +0 robe
rPois   ∞          Reflect  .   y - +0 helmet
rElec   +          Harm     .   E - +1 cloak
rCorr   .          Rampage  .   (no gloves)
Will    .....                   e - +0 pair of boots
Stlth   ++........              q - amulet of the acrobat
HPRegen 0.10/turn               n - ring of protection from fire
MPRegen 0.17/turn               p - ring of magical power

@: corroded, flying
A: sickness immunity, AC +4, negative energy resistance 1, electricity
resistance, torment resistance 1, petrification resistance
a: no special abilities


You were on level 4 of the Dungeon.
You visited 1 branch of the dungeon, and saw 5 of its levels.

You collected 251 gold pieces.

Inventory:

Hand Weapons
 a - a +1 dagger of electrocution
 b - a +4 quarterstaff of chaos (weapon)
Missiles
 g - 4 boomerangs
 u - 4 atropa-tipped darts
Armour
 e - a +0 pair of boots (worn)
 y - a +0 helmet (worn)
 A - a +0 robe (worn)
 E - a +1 cloak (worn)
Jewellery
 n - a ring of protection from fire (left hand)
 p - a ring of magical power (right hand)
 q - an amulet of the acrobat (around neck)
Wands
 r - a wand of flame (9)
Scrolls
 h - a scroll of blinking {unknown}
 j - 2 scrolls of amnesia {unknown}
 k - a scroll of fear {unknown}
 t - a scroll of immolation {unknown}
 v - a scroll of enchant armour {unknown}
 w - 3 scrolls of teleportation
 x - a scroll of butterflies {unknown}
 B - 2 scrolls of identify {unknown}
Potions
 c - a potion of berserk rage {unknown}
 d - a potion of heal wounds
 f - 3 potions of flight
 i - a potion of lignification {unknown}
 l - 2 potions of curing {unknown}
 m - 2 potions of haste {unknown}
 o - a potion of ambrosia {unknown}
 s - 2 potions of mutation {unknown}
 z - a potion of might {unknown}
 C - 2 potions of degeneration {unknown}
 D - a potion of magic


   Skills:
 - Level 1.5 Dodging
 - Level 2.1 Stealth
 + Level 4.0 Spellcasting
 + Level 3.2 Transmutations
 + Level 5.9 Earth Magic


You had 12 spell levels left.
You knew the following spells:

 Your Spells              Type           Power      Damage    Failure   Level
a - Sandblast             Erth           44%        2d11      1%          1

Your spell library contained the following spells:

 Spells                   Type           Power      Damage    Failure   Level
 Passwall                 Tmut/Erth      14%        N/A       3%          2
 Stone Arrow              Conj/Erth      24%        3d8       16%         3
 Necrotise                Necr           12%        1d4       17%         1
 Ensorcelled Hibernation  Hex/Ice        6%         N/A       26%         2
 Spider Form              Tmut/Pois      8%         N/A       26%         3
 Petrify                  Tmut/Erth      17%        N/A       26%         4
 Vampiric Draining        Necr           3%         2d6       45%         3
 Anguish                  Hex/Necr       1%         N/A       86%         4
 Agony                    Necr           3%         N/A       99%         5


Dungeon Overview and Level Annotations

Branches:
Dungeon (5/15)
 Temple: D:4-7

Altars:
Kikubaaqudgha

Annotations:
D:4 Eustachio, Pikel


Innate Abilities, Weirdness & Mutations

You are immune to sickness and miasma.
Your stone body is resilient. (AC +4)
You are immune to poison.
You resist negative energy. (rN+)
You are resistant to electric shocks. (rElec)
You are resistant to unholy torment.
You are immune to petrification.


Message History

You sock Eustachio! You freeze Eustachio.
Eustachio is moderately wounded.
The iron imp misses you. Eustachio hits you but does no damage.
A lemure comes into view.
Pikel barely misses you.
The lemure shouts!
You hit Eustachio. You burn Eustachio.
Eustachio is heavily wounded.
The iron imp disappears in a puff of smoke!
Eustachio gestures wildly while chanting.
Eustachio blinks!
Pikel hits you with a +2 whip of flaming.
Pikel burns you.
The white imp hits you but does no damage.
Pikel zaps a wand.
The bolt of acid hits you. The acid corrodes you!
It was a potion of flight.
You feel very buoyant.
You fly up into the air.
The white imp disappears in a puff of smoke!
Pikel hits you with a +2 whip of flaming!
* * * LOW HITPOINT WARNING * * *
Pikel burns you.
* * * LOW HITPOINT WARNING * * *
It was a potion of heal wounds.
You feel much better. Eustachio closely misses you.
Pikel zaps a wand.
The bolt of acid misses you.
You barely miss Pikel.
Pikel is heavily wounded.
Eustachio gestures wildly while chanting.
Pikel hits you with a +2 whip of flaming!
Pikel burns you.
You barely miss Pikel.
Pikel is severely wounded.
Eustachio casts a spell.
Pikel hits you with a +2 whip of flaming!
You closely miss Pikel.
Pikel is severely wounded.
The bat closely misses you. The bat hits you but does no damage.
Eustachio closely misses you.
Pikel hits you with a +2 whip of flaming!
You die...

## ##. ##r5#######
##r.@.b....#######
#.r5K@...........#
#...############.#
#.# #.# # #.# #.#
#.# ######## #.#
......###.#####
##.............


You could see Eustachio, Pikel (very poisoned), 2 lemures, 2 river rats, a bat
(summoned) and a rat (summoned).

Vanquished Creatures
  A lemure (D:4)
  A bullfrog (D:3)
  2 scorpions
  A hound (D:4)
  An orc priest (D:4)
  Crazy Yiuf (D:4)
  3 adders
  An ufetubus (D:4)
  3 worms
  A dart slug (D:1)
  5 orcs
  9 endoplasms
  3 giant cockroaches
  8 goblins
  7 hobgoblins
  12 jackals
  A quokka (D:4)
  4 ball pythons
  4 bats
  2 frilled lizards
  7 kobolds
  6 rats
83 creatures vanquished.

Notes
Turn   | Place    | Note
-------+----------+-------------------------------------------
     0 | D:1      | CertainDeath the Gargoyle Earth Elementalist began the
                  | quest for the Orb.
     0 | D:1      | Reached XP level 1. HP: 10/10 MP: 3/3
   274 | D:1      | Reached skill level 1 in Transmutations
   521 | D:1      | Reached XP level 2. HP: 15/15 MP: 1/5
   641 | D:1      | Reached skill level 4 in Earth Magic
  1057 | D:1      | Reached XP level 3. HP: 19/19 MP: 4/6
  1993 | D:2      | Reached XP level 4. HP: 24/24 MP: 8/8
  2234 | D:2      | Found a faded altar of an unknown god.
  2576 | D:3      | Noticed a bullfrog
  2581 | D:3      | Killed a bullfrog
  2582 | D:3      | Reached XP level 5. HP: 17/28 MP: 9/9
  2914 | D:3      | Reached skill level 5 in Earth Magic
  3623 | D:4      | Reached XP level 6. HP: 32/32 MP: 11/11
  3625 | D:4      | Found an ancient bone altar of Kikubaaqudgha.
  3788 | D:5      | Entered Level 5 of the Dungeon
  4235 | D:4      | Found a runed translucent door.
  4236 | D:4      | Noticed Crazy Yiuf
  4246 | D:4      | Killed Crazy Yiuf
  4625 | D:4      | Noticed Eustachio
  4637 | D:4      | Noticed Pikel
  4649 | D:4      | Slain by Pikel

Illustrated notes

Levels and vault maps discovered:
D:1:      wander_arrival_fairy_ring, layout_loops_ring
D:2:      layout_loops_ring, shapermc_ecumenical_altar_hornbeckon
D:3:      layout_loops_corners, kennysheep_generic_room_11
D:4:      lemuel_castle_with_subvaults [lemuel_castle_interior_original],
          layout_loops_ring, old_standard_altar, uniq_pikel, uniq_eustachio,
          uniq_crazy_yiuf_cottage
D:5:      layout_basic, serial_shops, nicolae_lakefront_shop,
          minmay_misc_feat_tiny, st_stairs_5, hangedman_decor_opposing,
          kennysheep_potato, uniq_grinder

Skill      XL: |  1  2  3  4  5  6 |
---------------+-------------------+-----
Transmutations | 1 2 3 |  3.2
Earth Magic    | 4 5 |  5.9
Spellcasting   | 3 4 |  4.0
Dodging        | |  1.5
Stealth        | |  2.1

Action                   |  1- 3 |  4- 6 || total
-------------------------+-------+-------++-------
Melee: Short sword       |    18 |       ||    18
       Hand axe          |    31 |    55 ||    86
       Quarterstaff      |       |    18 ||    18
       Dagger            |       |    13 ||    13
 Cast: Sandblast         |    40 |    60 ||   100
Evoke: Wand              |       |     6 ||     6
  Use: Scroll            |       |     2 ||     2
       Potion            |       |     2 ||     2
 Stab: Sleeping          |     1 |       ||     1
Armor: Robe              |    18 |    67 ||    85
Dodge: Dodged            |    48 |   122 ||   170
